 Dungeon Sprint DCSS version 0.24-a0-525-g9231cdc (webtiles) character file.

Game seed: 10712649912120911278

13 silentkaos13 the Poker (level 2, -13/23 HPs)
             Began as a Merfolk Gladiator on Aug 1, 2019.
             Was an Initiate of Qazlal.
             Mangled by a death cob (18 damage)
             ... in the Dungeon (Sprint V: "Ziggurat Sprint").
             The game lasted 00:02:33 (190 turns).

silentkaos13 the Poker (Merfolk Gladiator)           Turns: 190, Time: 00:02:34

Health: -13/23     AC: 23    Str: 14    XL:     2   Next: 37%
Magic:  2/2        EV:  0    Int:  7    God:    Qazlal [......]
Gold:   0          SH:  0    Dex: 15    Spells: 1/1 levels left

rFire    + . .     SeeInvis .   I - +8 lance "Wyrmbane" {slay drac, rPois rF+ rC+ AC+3}
rCold    + . .     Gourm    .   (no shield)
rNeg     . . .     Faith    .   l - +5 crystal plate armour
rPois    +         Spirit   .   c - +0 helmet
rElec    .         Reflect  .   (no cloak)
rCorr    .         Harm     .   (no gloves)
MR       .....     NoTele   +   (no boots)
Stlth    ..........             (no amulet)
HPRegen  0.07/turn              (no ring)
MPRegen  0.08/turn              (no ring)

@: slowed, very slow
A: change form in water, swift swim, stealthy swim
a: Renounce Religion


You were in the Dungeon.
You worshipped Qazlal.
Qazlal was noncommittal.
You were not hungry.

You visited 1 branch

Inventory:

Hand Weapons
 a - a +0 trident
 I - the +8 lance "Wyrmbane" (weapon) {slay drac, rPois rF+ rC+ AC+3}
   (You found it in the Dungeon)

   It affects your AC (+3).
   It protects you from fire.
   It protects you from cold.
   It protects you from poison.
 J - a +5 demon trident
Missiles
 d - 3 throwing nets (quivered)
Armour
 b - a +0 leather armour
 c - a +0 helmet (worn)
 l - a +5 crystal plate armour (worn)
Jewellery
 y - an uncursed ring of flight
 z - a +6 ring of dexterity
 A - a +6 ring of dexterity
 B - a +6 ring of intelligence
 C - a +6 ring of intelligence
 D - a +6 ring of strength
 E - a +6 ring of strength
Wands
 F - a wand of disintegration (7)
 G - a wand of iceblast (7)
 H - a wand of acid (7)
Scrolls
 k - 4 scrolls of blinking
 s - 4 scrolls of amnesia
 t - 7 scrolls of fog
 u - a scroll of holy word
 v - 5 scrolls of identify
 w - 5 scrolls of remove curse
 x - 2 scrolls of fear
Potions
 e - 10 potions of curing
 g - 9 potions of heal wounds
 h - 6 potions of haste
 i - 7 potions of magic
 j - 3 potions of berserk rage
 m - 2 potions of brilliance
 n - 2 potions of invisibility
 o - 4 potions of resistance
 p - a potion of experience
 q - 5 potions of agility
 r - 5 potions of might
Comestibles
 f - 7 rations


   Skills:
 + Level 2.7 Fighting
 + Level 6.0 Polearms
 - Level 2.4 Throwing
 + Level 0.1 Armour
 + Level 5.5 Dodging


You had one spell level left.
You didn't know any spells.
Your spell library was empty.

Dungeon Overview and Level Annotations

Branches:
Dungeon (1/1)

Altars:
Ashenzari
Cheibriados
Dithmenos
Elyvilon
Fedhas
Gozag
Hepliaklqana
Kikubaaqudgha
Makhleb
Nemelex Xobeh
Okawaru
Qazlal
Ru
Sif Muna
Trog
Uskayaw
Vehumet
Wu Jian
Xom
Yredelemnul
Zin
The Shining One
Beogh
Jiyva
Lugonu

Annotations:
D 1 transporter


Message History

The death cob hits you!
Ouch! That really hurt!
* * * LOW HITPOINT WARNING * * *
The death cob drains your vigour!
You feel yourself slow down. The death cob hits you.
* * * LOW HITPOINT WARNING * * *
You feel much better. The death cob hits you!
Ouch! That really hurt!
The death cob hits you.
* * * LOW HITPOINT WARNING * * *
The death cob hits you.
* * * LOW HITPOINT WARNING * * *
The death cob drains your vigour!
You feel as though you will be slow longer.
The death cob hits you but does no damage.
You hit the death cob.
The death cob is lightly damaged.
The death cob hits you!!
Ouch! That really hurt!
You die...

▓▓▓▓▓▓▓▓▓▓▓▓▓
▓.8©8.▓.8©8.▓
▓.))).▓.....▓
▓.....▓.).|.▓
▓.....▓.....▓
▓.dzd.▓.....▓
▓..@..▓..©..▓
▓..©..▓▓▓▓▓▓▓
▓▓▓▓▓▓▓


You could see a black draconian, a death cob and a draconian.

Vanquished Creatures
  A shadow imp (D)
  An ufetubus (D)
2 creatures vanquished.

Notes
Turn   | Place    | Note
-------+----------+-------------------------------------------
     0 | D        | silentkaos13 the Merfolk Gladiator began the quest for the
                  | Orb.
     0 | D        | Reached XP level 1. HP: 16/16 MP: 1/1
    13 | D        | Found a blossoming altar of Fedhas.
    14 | D        | Found the +6 Majin-Bo {vamp, Archmagi MP+6 Int+6}
    14 | D        | Found the +7 great mace "Firestarter" {inner flame, rF++}
    15 | D        | Found a deep blue altar of Sif Muna.
    15 | D        | Found a sacrificial altar of Ru.
    15 | D        | Found a bloodstained altar of Trog.
    15 | D        | Found a stormy altar of Qazlal.
    15 | D        | Found an iron altar of Okawaru.
    15 | D        | Found a sparkling altar of Nemelex Xobeh.
    17 | D        | Found a transporter.
    17 | D        | Found an ancient bone altar of Kikubaaqudgha.
    17 | D        | Found a viscous altar of Jiyva.
    17 | D        | Found a corrupted altar of Lugonu.
    17 | D        | Found a hazy altar of Hepliaklqana.
    17 | D        | Found a burning altar of Makhleb.
    17 | D        | Found an opulent altar of Gozag.
    37 | D        | Found the +9 heavy crossbow "Sniper" {velocity, Acc+∞ SInv}
    37 | D        | Found the +10 dark maul {crush}
    37 | D        | Found the +15 Maxwell's patent armour {-Cast -Tele rElec
                  | MR+ rCorr}
    37 | D        | Found the +18 shield of the Gong {rElec rN+ MR+ EV-5}
    37 | D        | Found the cursed +14 obsidian axe {chop, +Fly SInv *Curse}
    38 | D        | Found the +6 shillelagh "Devastator" {shatter}
    38 | D        | Found the +11 plutonium sword {*Contam Stlth-}
    38 | D        | Found the +8 lance "Wyrmbane" {slay drac, rPois rF+ rC+
                  | AC+3}
    38 | D        | Found the +9 sword of Zonguldrok {reap}
    38 | D        | Found the cursed +13 scythe of Curses {drain, *Curse}
    38 | D        | Found the +0 sword of Power
    38 | D        | Found the +7 mace of Variability {chain chaos}
    38 | D        | Found the +7 Singing Sword {slice, sonic wave}
    38 | D        | Found the +8 storm bow {elec, penet}
    74 | D        | Became a worshipper of Qazlal Stormbringer
    92 | D        | Entered arena 2.
    92 | D        | Found a transporter.
    97 | D        | Reached skill level 5 in Polearms
    97 | D        | Reached skill level 5 in Dodging
    97 | D        | Reached XP level 2. HP: 19/23 MP: 2/2
   100 | D        | Reached skill level 6 in Polearms
   187 | D        | Entered arena 3.
   187 | D        | Noticed a draconian
   187 | D        | Noticed a black draconian
   187 | D        | Noticed a death cob
   187 | D        | Found a transporter.
   188 | D        | Identified the +7 falchion "Raisin" {freeze, +Rage}
   188 | D        | HP: 1/23 [death cob (5)]
   190 | D        | Mangled by a death cob

Levels and vault maps discovered:
D:        sprint_v [room_start, room_1, room_2, room_3, room_4, room_5, room_6,
          room_7, room_8, room_9, room_10, room_11, room_12, room_13, room_14,
          room_15, room_16, room_17, room_18, room_19, room_20, room_21,
          room_22, room_23, room_24, room_25, room_26, room_27]

Skill      XL: |  1  2 |
---------------+-------+-----
Polearms       | 5 6 |  6.0
Dodging        | 5 |  5.5
Fighting       | |  2.7
Throwing       | |  2.4
Armour         | |  0.1

Action                   || total
-------------------------++-------
Melee: Lance             ||     8
  Use: Potion            ||     1
Armor: Crystal plate arm ||    17

Table legend:
 A = Non-vault XP
 B = Vault XP
 C = Vault XP percentage of total XP
 D = Non-vault monster count
 E = Vault monster count
 F = Vault count percentage of total count
                 A         B        C        D         E       F
            +---------+---------+-------+---------+---------+-------
      Total |       0 |      19 | 100.0 |       0 |       2 | 100.0
            +---------+---------+-------+---------+---------+-------
          D |       0 |      19 | 100.0 |       0 |       2 | 100.0
            +---------+---------+-------+---------+---------+-------
